[ AOE2 MATCH · #483309997 ]
Team RMTeutons vs Britons
[ REPLAY ANALYSIS · EXTRACTED FROM THE RECORDED GAME ]
Feudal
—
Castle
—
Imperial
—
| APM avg | 32.6 |
| APM peak | 42 |
| eAPM avg | 10.2 |
| Villagers / military | 9 / 0 |
Focus
⚔️ 21.4% · 🌾 78.6%
Feudal
—
Castle
—
Imperial
—
| APM avg | 32.3 |
| APM peak | 54 |
| eAPM avg | 8.1 |
| Villagers / military | 9 / 0 |
Focus
⚔️ 0.0% · 🌾 100.0%
Feudal
—
Castle
—
Imperial
—
| APM avg | 24.2 |
| APM peak | 38 |
| eAPM avg | 15.8 |
| Villagers / military | 6 / 0 |
Focus
⚔️ 47.5% · 🌾 52.5%
Feudal
—
Castle
—
Imperial
—
| APM avg | 9.6 |
| APM peak | 18 |
| eAPM avg | 5.0 |
| Villagers / military | 5 / 0 |
Focus
⚔️ 0.0% · 🌾 100.0%
Match map
Initial resources + every placement click. Lines = walls · curves = elevation contours. ◆ gold · ⬟ stone · ● berries · ✦ relic · ◌ wall gap
Your base
anoastral's base
jenjak's base
Sheldor's base
Smoothed initial terrain · ◌ = detected wall gap · hover for details
Inputs per minute
— Nicholas - - anoastral
Build order — Nicholas
14 actions detected in the replay
| 0:06 | Build | House |
| 0:07 | Create | Villager (Male) |
| 0:08 | Create | Villager (Male) |
| 0:08 | Create | Villager (Male) |
| 0:08 | Create | Villager (Male) |
| 0:08 | Create | Villager (Male) |
| 0:33 | Build | House |
| 0:36 | Build | House |
| 0:37 | Build | House |
| 1:23 | Build | Lumber Camp |
| 1:27 | Create | Villager (Male) |
| 1:27 | Create | Villager (Male) |
| 1:59 | Create | Villager (Male) |
| 2:00 | Create | Villager (Male) |
Build order — anoastral
12 actions detected in the replay
| 0:16 | Build | House |
| 0:19 | Create | Villager (Male) |
| 0:19 | Create | Villager (Male) |
| 0:20 | Create | Villager (Male) |
| 0:20 | Create | Villager (Male) |
| 0:20 | Create | Villager (Male) |
| 0:20 | Create | Villager (Male) |
| 1:10 | Build | House |
| 1:57 | Create | Villager (Male) |
| 1:58 | Create | Villager (Male) |
| 2:21 | Create | Villager (Male) |
| 2:45 | Build | Mill |
Build order — jenjak
10 actions detected in the replay
| 0:04 | Create | Villager (Male) |
| 0:04 | Research | Loom |
| 0:05 | Create | Villager (Male) |
| 0:06 | Build | House |
| 0:07 | Build | House |
| 0:19 | Build | Mill |
| 0:26 | Create | Villager (Male) |
| 0:27 | Create | Villager (Male) |
| 1:45 | Create | Villager (Male) |
| 2:23 | Create | Villager (Male) |
Build order — Sheldor
5 actions detected in the replay
| 0:19 | Build | House |
| 0:24 | Build | House |
| 0:27 | Create | Villager (Male) ×4 |
| 1:38 | Create | Villager (Male) |
| 2:29 | Build | Lumber Camp |
Match timeline
| 2:49 | Sheldor · resign |
[ AI ANALYSIS · 1 CREDIT ]
What really happened in this match?
Wolo.gg analyzes every decision: build order, eco, micro, common mistakes by bracket. Personalized analysis on WhatsApp or Discord in 30 seconds.
Civ guide
Teutons
Map guide
Arena
Perfil
Nicholas